Cogmind - Beta 13 @@@ ROGUE MODE // 2024.04.03 @ 22:42:53 Player: BRAD-ly Result: Destroyed by 1F-KHX(R) with Subdweller Laser Performance ------------- Evolutions (0) 0 Regions Visited (3) 600 Robots Destroyed (29) 145 Value Destroyed (564) 564 Prototype IDs (10) 200 Alien Tech Used (0) 0 Bonus (-30) -30 TOTAL SCORE: 1479 Bonus ------- Friendly Fire -30 Cogmind --------- Core Integrity 0/250 Matter 169/300 Energy 265/265 System Corruption 0% Temperature Cool (6) Movement Rolling (155) Ox5 Location -10/Subcaves Parts ------- > --- POWER (1) -------- Improved Ion Engine > --- PROPULSION (2) --- Wheel > --- UTILITY (2) ------ High-capacity Storage Unit > --- WEAPON (2) ------- Beam Rifle Grenade Launcher > --- INVENTORY (20) --- Reinforced Ion Engine Reinforced Ion Engine Arachnoskeleton Large Storage Unit Power Shielding Power Shielding Medium Armor Plating Medium Armor Plating Medium Armor Plating Medium Armor Plating Beam Rifle Beam Rifle Beam Rifle Light EM Pulse Cannon Light EM Pulse Cannon Light EM Pulse Cannon Light EM Pulse Cannon Heavy Assault Rifle Peak State ------------ > --- POWER ------------ Improved Ion Engine > --- PROPULSION ------- Wheel Wheel > --- UTILITY ---------- High-capacity Storage Unit Core Shielding > --- WEAPON ----------- Beam Rifle Grenade Launcher > --- INVENTORY -------- Reinforced Ion Engine Reinforced Ion Engine Arachnoskeleton Large Storage Unit Power Shielding Power Shielding Medium Armor Plating Medium Armor Plating Medium Armor Plating Medium Armor Plating Beam Rifle Beam Rifle Beam Rifle Light EM Pulse Cannon Light EM Pulse Cannon Light EM Pulse Cannon Light EM Pulse Cannon Heavy Assault Rifle [Rating: 14] Favorites ----------- Power Reinforced Ion Engine Engine Reinforced Ion Engine Propulsion Aluminum Leg Treads Light Treads Leg Aluminum Leg Wheel Wheel Utility Signal Interpreter Storage High-capacity Storage Unit Processor Signal Interpreter Protection Core Shielding Weapon Heavy Assault Rifle Energy Gun Beam Rifle Ballistic Gun Heavy Assault Rifle Launcher Grenade Launcher Build | -11 -10 -10 -10 ------- Run | Yrd Mat Min Sub Slots Evolved . | . . . . Power . | . . . . Propulsion . | . . . . Utility . | . . . . Weapon . | . . . . Parts Attached 34 | 6 22 3 3 Power 4 | 1 2 1 . Engine 4 | 1 2 1 . Core . | . . . . Reactor . | . . . . Propulsion 10 | 2 6 2 . Treads 2 | . 2 . . Leg 6 | 2 4 . . Wheel 2 | . . 2 . Hover . | . . . . Flight . | . . . . Utility 8 | 1 7 . . Device . | . . . . Storage 6 | 1 5 . . Processor 1 | . 1 . . Hackware . | . . . . Protection 1 | . 1 . . Artifact . | . . . . Weapon 12 | 2 7 . 3 Energy Gun 3 | 1 1 . 1 Energy Cannon . | . . . . Ballistic Gun 6 | 1 5 . . Ballistic Cannon . | . . . . Launcher 3 | . 1 . 2 Special Weapon . | . . . . Impact Weapon . | . . . . Slashing Weapon . | . . . . Piercing Weapon . | . . . . Special Melee Weapon . | . . . . Unidentified Prototypes . | . . . . Parts Lost 5 | . 3 . 2 Power . | . . . . Propulsion 3 | . 2 . 1 Utility 1 | . . . 1 Weapon 1 | . 1 . . Highest Loss Streak 2 | . 1 . 2 To Critical Strikes . | . . . . Average Slot Usage (%) 98 | . 98 98 99 Engine 14 | . 14 14 14 Treads 3 | . 4 . . Leg 17 | . 22 6 . Wheel 5 | . . 19 27 Storage 14 | . 14 14 14 Processor 8 | . 11 . . Protection 5 | . 1 14 14 Energy Gun 6 | . 3 14 11 Ballistic Gun 20 | . 24 14 8 Launcher 1 | . . . 8 Naked Turns . | . . . . Heaviest Build 56 | 11 56 54 54 Greatest Support 40 | 20 40 20 20 Greatest Overweight (x) 17 | . 3 17 2 Average Overweight (x) 1 | . 1 2 2 Largest Inventory Capacity 20 | 8 20 20 20 Average Capacity 14 | 6 12 20 20 Most Carried 20 | 1 20 20 20 Average Carried 13 | . 11 20 19 Final Capacity 20 | 8 20 20 20 Final Carried 20 | 1 20 20 20 Class Distribution -------------------- 100% | Mutant Dominant Class ---------------- Mutant | -10/Materials Mutant | -10/Mines Mutant | -10/Subcaves Resources | -11 -10 -10 -10 ----------- Run | Yrd Mat Min Sub Matter Collected 874 | 130 571 173 . Remotely . | . . . . Salvage Created 947 | . 689 199 59 Parts 59 | . 38 20 1 Haulers Intercepted 2 | . 2 . . Recyclers Shooed 4 | 1 3 . . Parts Field Recycled . | . . . . Retrieved Matter . | . . . . Parts Self-Destructed 7 | . . . 7 Prevented . | . . . . Kills | -11 -10 -10 -10 ------- Run | Yrd Mat Min Sub Combat Hostiles Destroyed 20 | . 10 9 1 Guns 19 | . 10 9 . AOE 1 | . . . 1 Classes Destroyed 9 | . 6 1 2 Worker 2 | . 1 1 . Builder 1 | . 1 . . Hauler 2 | . 2 . . Recycler 2 | . 1 1 . Watcher 2 | . 2 . . Swarmer 9 | . . 9 . Grunt 10 | . 10 . . Artisan 1 | . . . 1 Subdweller 1 | . . . 1 Best Kill Streak 4 | . 3 4 1 Combat Bots Only 3 | . 3 3 1 Max Kills in Single Turn 1 | . 1 1 1 Gunslinging . | . . . . Exploded 1 | . . . 1 Melee . | . . . . Uniques/NPCs Destroyed . | . . . . Combat | -11 -10 -10 -10 -------- Run | Yrd Mat Min Sub Hostile Shots Fired 127 | . 87 33 7 Missed 30 | . 23 6 1 Damage Taken 1114 | . 758 214 142 Core 257 | . 154 46 57 Absorbed by Shields . | . . . . Redirected to Shielding 17 | . . 9 8 Regen/Repaired (Parts) 94 | . 94 . . Core Remaining (%) 100 | 100 . . . Volleys Fired 106 | 1 69 16 20 Largest 2 | 2 2 2 2 Hottest 86 | 60 60 79 86 Shots Fired 210 | 2 136 32 40 Gun 203 | 2 135 32 34 Cannon . | . . . . Launcher 7 | . 1 . 6 Special . | . . . . Kinetic 144 | 1 110 16 17 Thermal 59 | 1 25 16 17 Explosive 7 | . 1 . 6 Electromagnetic . | . . . . Robot Hit Streak 9 | 2 9 3 4 Robot Miss Streak 3 | . 3 3 1 Penetration Max . | . . . . Secondary Targets 2 | . 1 1 . Max Gunslinging Chain 1 | . 1 1 . Shots Hit Robots 109 | 2 88 16 3 Core Hits 43 | . 28 11 4 Critical Kills . | . . . . Critical Parts Destroyed . | . . . . Critical Strikes . | . . . . Melee Attacks . | . . . . Impact . | . . . . Slashing . | . . . . Piercing . | . . . . Sneak Attacks . | . . . . Combat Hostiles . | . . . . Follow-up Attacks . | . . . . Damage Inflicted 1752 | 25 1286 251 190 Guns 1570 | 25 1283 232 30 Cannons . | . . . . Explosions 160 | . . . 160 Melee . | . . . . Ramming 22 | . 3 19 . Kinetic 1279 | 13 1135 131 . Thermal 291 | 12 148 101 30 Explosive 160 | . . . 160 Electromagnetic . | . . . . Impact . | . . . . Slashing . | . . . . Piercing . | . . . . Highest Corruption . | . . . . Average Corruption . | . . . . Corruption Purged . | . . . . Corruption Blocked . | . . . . Overload Shots . | . . . . Overflow Damage . | . . . . Projectiles . | . . . . Explosions . | . . . . Melee . | . . . . Knockbacks . | . . . . Impact . | . . . . Kinetic . | . . . . Secondary . | . . . . Self-Inflicted Damage 19 | . . . 19 Shots 2 | . . . 2 Rammed . | . . . . Targets Rammed 6 | . 3 3 . Kicked 6 | . 3 3 . Crushed . | . . . . Highest Temperature 168 | . 168 111 . Average Temperature 58 | . 61 48 . Received Heat Transfer 462 | . 426 . 36 Siege Activations . | . . . . Robots Corrupted . | . . . . Combat Hostiles . | . . . . Parts Fried . | . . . . Impact Corruptions . | . . . . Robots Melted . | . . . . Combat Hostiles . | . . . . Parts Melted 2 | . 2 . . Heat Transferred 938 | 25 580 259 74 Parts Sabotaged . | . . . . Parts Stolen . | . . . . Parts Stripped . | . . . . Power Chain Reactions . | . . . . Alert | -11 -10 -10 -10 ------- Run | Yrd Mat Min Sub Peak Influence 164 | . 164 158 . Initial 8 | . . 8 . Average 49 | . 51 48 . Maximum Alert Level . | . . . . Low Security (%) 100 | 100 100 100 . Level 1 . | . . . . Level 2 . | . . . . Level 3 . | . . . . Level 4 . | . . . . Level 5 . | . . . . High Security . | . . . . Max Security . | . . . . Squads Dispatched 4 | . 4 . . Investigation 1 | . 1 . . Extermination . | . . . . Reinforcement 3 | . 3 . . Assault . | . . . . Garrison . | . . . . Intercept . | . . . . Searches Triggered . | . . . . Construction Impeded . | . . . . Haulers Reinforced . | . . . . Active Scanning Responses . | . . . . Cargo Convoy Interrupts . | . . . . Stealth | -11 -10 -10 -10 --------- Run | Yrd Mat Min Sub Distress Signals . | . . . . Communications Jammed . | . . . . Distress Signals . | . . . . Times Spotted 27 | . 16 9 2 Peak Tracking Total 3 | . 3 3 2 Tactical Retreats . | . . . . Traps | -11 -10 -10 -10 ------- Run | Yrd Mat Min Sub Traps Triggered 1 | . 1 . . Indirectly . | . . . . Trap Hack Attempts . | . . . . Triggered . | . . . . Disarmed . | . . . . Reprogrammed . | . . . . Reused . | . . . . Traps Extracted . | . . . . Installed . | . . . . Triggered . | . . . . Machines | -11 -10 -10 -10 ---------- Run | Yrd Mat Min Sub Machines Disabled 2 | . . . 2 Max in Single Turn 2 | . . . 2 Machines Repaired . | . . . . Machines Dismantled . | . . . . Machines Sabotaged . | . . . . Overloaded Fab Kills . | . . . . Hacking | -11 -10 -10 -10 --------- Run | Yrd Mat Min Sub Machines Accessed 4 | . 3 . 1 Terminals 1 | . 1 . . Fabricators . | . . . . Repair Stations 1 | . 1 . . Recycling Units 1 | . 1 . . Scanalyzers . | . . . . Garrison Access . | . . . . Total Hacks 16 | . 7 . 9 Successful 13 | . 4 . 9 Failed 3 | . 3 . . Catastrophic 2 | . 2 . . Database Lockouts . | . . . . Manual . | . . . . Terminals 2 | . 2 . . Fabricators . | . . . . Repair Stations 4 | . 4 . . Recycling Units 1 | . 1 . . Scanalyzers . | . . . . Garrison Access . | . . . . Terminal Hacks 9 | . . . 9 Record 8 | . . . 8 Derelict Proto ID Bank 1 | . . . 1 Fabricator Hacks . | . . . . Repair Station Hacks 3 | . 3 . . Scan Component 1 | . 1 . . Repair 1 | . 1 . . Refit 1 | . 1 . . Recycling Unit Hacks 1 | . 1 . . Retrieve Components 1 | . 1 . . Scanalyzer . | . . . . Garrison Access Hacks . | . . . . Unauthorized Hacks . | . . . . Terminals . | . . . . Fabricators . | . . . . Repair Stations . | . . . . Recycling Units . | . . . . Scanalyzers . | . . . . Garrison Access . | . . . . Data Cores Recovered . | . . . . Used . | . . . . Hacking Detections 2 | . 2 . . Full Trace Events 1 | . 1 . . Feedback Events . | . . . . Feedback Blocked . | . . . . Robot Schematics Acquired . | . . . . Robots Built . | . . . . Authchips . | . . . . Time . | . . . . Total Robot Build Rating . | . . . . Part Schematics Acquired . | . . . . Parts Built . | . . . . Authchips . | . . . . Time . | . . . . Total Part Build Rating . | . . . . Parts Repaired 1 | . 1 . . Time 32 | . 32 . . Parts Recycled . | . . . . Recycled Matter . | . . . . Retrieved Matter . | . . . . Retrieved Components 10 | . 10 . . Parts Scanalyzed . | . . . . Part Schematics Acquired . | . . . . Parts Damaged . | . . . . Bothacking | -11 -10 -10 -10 ------------ Run | Yrd Mat Min Sub Used RIF Installer . | . . . . Robots Hacked . | . . . . Non-combat . | . . . . Combat . | . . . . Robot Hacks Applied . | . . . . Relay Couplers Released . | . . . . Fabnet Peak Effective % . | . . . . Robots Rewired . | . . . . Allies Hacked . | . . . . Hacks Repelled . | . . . . Allies | -11 -10 -10 -10 -------- Run | Yrd Mat Min Sub Total Allies . | . . . . Largest Group . | . . . . Highest-Rated Group . | . . . . Highest-Rated Ally . | . . . . Total Orders . | . . . . Ally Attacks . | . . . . Total Damage . | . . . . Kills . | . . . . Allies Corrupted . | . . . . Allies Melted . | . . . . Intel | -11 -10 -10 -10 ------- Run | Yrd Mat Min Sub Robot Analysis Total . | . . . . Derelict Logs Recovered 1 | . . 1 . Drone Launches . | . . . . Drone Recoveries . | . . . . Exploration | -11 -10 -10 -10 ------------- Run | Yrd Mat Min Sub Turns Passed 3163 | 62 2249 614 238 Spaces Moved 1502 | 45 907 395 155 Core 9 | 6 . 3 . Treads 162 | . 162 . . Legs 840 | 39 745 56 . Wheels 491 | . . 336 155 Hover . | . . . . Flight . | . . . . Fastest Speed 50 | 50 120 110 110 Average Speed 173 | 110 202 137 110 Slowest Speed 900 | 120 330 900 110 Overloaded Moves . | . . . . Propulsion Burnouts . | . . . . Robots Hopped . | . . . . Cave-ins Triggered . | . . . . Exploration Rate (%) 41 | 3 85 73 6 Regions Visited 3 Branch Regions 2 Pre-discovered Areas 1 | . . 1 . Known Exits Taken 1 | . 1 . . Unknown Exits Taken 2 | 1 . 1 . Scrap Searched 1 | . . 1 . Spaces Dug 4 | . 4 . . Terrain Destroyed 22 | . 4 . 18 Melee . | . . . . Projectile . | . . . . AOE 22 | . 4 . 18 Terrain Rammed . | . . . . Walls Destroyed . | . . . . Machines Disabled . | . . . . Actions | -11 -10 -10 -10 --------- Run | Yrd Mat Min Sub Total 1841 | 52 1177 428 184 Wait 141 | . 132 9 . Move 1499 | 44 906 394 155 Hop . | . . . . Pick Up 29 | 1 26 . 2 Fast Attach 17 | 6 8 3 . Attach 4 | . 3 . 1 Detach 4 | . 4 . . Swap 13 | . 11 . 2 Drop 22 | . 15 3 4 Fire 106 | 1 69 16 20 Melee . | . . . . Ram . | . . . . Kick 6 | . 3 3 . Crush . | . . . . Escape Stasis . | . . . . Rewire . | . . . . Trap . | . . . . Miscellaneous . | . . . . Route ------- -11/Scrapyard -10/Materials (discovered 4 exits: *Mat x2 / *Min x2) -10/Mines (discovered 2 exits: *Mat / *Sub) -10/Subcaves History --------- Turn | Location | Event 7 | -11/Scrapyard | Discovered new exit (range 15) 63 | -11/Scrapyard | Entered Materials 240 | -10/Materials | Discovered new exit (range 7) 285 | -10/Materials | Identified exit to Mines 314 | -10/Materials | Build established: Mutant 940 | -10/Materials | Discovered new exit (range 16) 982 | -10/Materials | Identified exit to Materials 1099 | -10/Materials | Repaired Hvy. Assault Rifle 1174 | -10/Materials | Discovered exit to Materials (range 16) 1289 | -10/Materials | Core integrity fell below 50% 1803 | -10/Materials | Discovered exit to Mines (range 7) 2312 | -10/Materials | Entered Mines 2329 | -10/Mines | Met a Derelict bent on vengeance 2610 | -10/Mines | Learned location of Storage (-8) 2788 | -10/Mines | Discovered exit to Materials (range 6) 2922 | -10/Mines | Discovered new exit (range 3) 2926 | -10/Mines | Entered Subcaves 3020 | -10/Subcaves | Visited 4L-MR0's lab 3081 | -10/Subcaves | Found Arachnoskeleton 3160 | -10/Subcaves | Core integrity fell below 20% 3164 | -10/Subcaves | Destroyed by 1F-KHX(R) with Subdweller Laser Last Messages --------------- I hear [REDACTED] exploded during the installation process. I did warn them to fully install it before trying to fire, and something tells me that's where things went wrong. Still I'm glad they didn't listen, that way I'm not culpable for whatever they would've done with it. If we're lucky even some of the others got blasted, too. 03067_ Machine disabled. 03067_ Testing Chamber breached. 03067_ 4L-MR0 cries out in pain. 03067_ 4L-MR0 destroyed. 03078_ Dropped Aluminum Leg. 03081_ Subatomizers dissect the Aluminum Leg. 03081_ Acquired Arachnoskeleton. 03086_ Connecting with 4L-MR0's Prototype Logs... 03158_ Wheel destroyed. 03160_ Core Shielding destroyed. 03162_ RF-YWO(R) destroyed. Map ----- +----------------------------------------------------+ | ???# X"#?# # " ##?????????????????????? | | ???#== #?#####" #####?????????????????? | | ???#=# #?????# #?????????????????? | | ???# #""#?????## ##?????????????????? | | ???######??????# #??????????????????? | | ???????????????## #??????????????????? | | ????????????????### #??????????????????? | | ??????????????????# #??????????????????? | | ?????????????????## #??????????????????? | | ????????????????## #??????????????????? | | ????????????????# ##??????????????????? | | ????????????????## ##???????????????????? | | ????????????????## #????????????????????? | | ????????????????# #????????????????????? | | ????????????????## ##????????????????????? | | ?????????????????# #?????????????????????? | | ?????????????????# #?????????????????????? | | ????????????????## #?????????????????????? | | ????????????????# ##????????????????????? | | ????????????????# #????????????????????? | | ????????????????## ##????????????????????? | | ????????????????## #????????????????????? | | ????????????????# " ##??????? "???????????? | | ????????????????#" #??## "" " ??????????? | | ????????????????## ## &% ""??????????? | | ?????????????????#@ =R ""#??????????? | | ????????????????# ""???????????? | | ????????????????# ## # # #??????????? | | ????????????????##?# #?## #??????????????? | | ??????????????????? ##???????????????????? | | ???????????????????# ????????????????????? | | ??????????????????? ????????????????????? | | ??????????????????? ???????????????????? | | ??????????????????? ???????????????????? | | ???????????????????####???????????????????? | | ??????????????????????????????????????????? | | ??????????????????????????????????????????? | | ??????????????????????????????????????????? | | ??????????????????????????????????????????? | | ??????????????????????????????????????????? | | ??????????????????????????????????????????? | | ??????????????????????????????????????????? | | ??????????????????????????????????????????? | | ??????????????????????????????????????????? | | ??????????????????????????????????????????? | | ??????????????????????????????????????????? | | ??????????????????????????????????????????? | | ??????????????????????????????????????????? | | ??????????????????????????????????????????? | | ??????????????????????????????????????????? | +----------------------------------------------------+ Best States ------------- Heat Dissipation 25 Energy Generation 12 Energy Capacity 265 Matter Stores 300 Matter Capacity 300 Sight Range 16 Terrain Scan Density 10 Core Shielding 20 Evasion (%) 55 Recoil Reduction 2 Item Schematics ----------------- None Robot Schematics ------------------ None Fabricated ------------ Nothing Alien Tech Used ----------------- None Achievements -------------- None Challenges ------------ None Game ------ Seed RAND Manual? 1 Play Time 00:18:54 Cumulative 7.6 hours Start 2024.04.03 @ 22:24:52 End 2024.04.03 @ 22:42:53 Sessions 1 Manual Loads 0 Difficulty Rogue Special Mode None Game No. 18 Rogue 18 Adventurer 0 Explorer 0 Win Type - Total 0 Types 0/0/0/0/0/0/0/0/0 Lore% 3 Gallery% 11 Achievement% 11 Wizard Run 0 Options --------- Layout 2 ASCII 0 Keyboard 1 Movement Arrows Keybinds 0 Fullscreen 1 Font 32/SmallcapsGlow Map View 50x44 Zoom Use 0% Tactical HUD 1 Map Filters NONE Filters NONE Steam 1 RUN: 06a6261b-0e74-48fd-b08a-5e6fc8f876d2